 Dungeon Crawl Stone Soup version 0.30-a0-1163-gf69bf04e7a (webtiles) character file.

Game seed: 8613002675135734427

2341 Sobieck the Grappler (level 9, -10/92 HPs)
             Began as a Troll Cinder Acolyte on Apr 28, 2023.
             Was an Elder of Ignis.
             Mangled by a two-headed ogre
             ... wielding a +0 giant spiked club
              (23 damage)
             ... on level 6 of the Dungeon.
             The game lasted 00:10:58 (4832 turns).

Sobieck the Grappler (Troll Cinder Acolyte)         Turns: 4832, Time: 00:10:59

Health: -10/92     AC: 11    Str: 28    XL:     9   Next: 20%
Magic:  9/9        EV: 14    Int: 10    God:    Ignis [****..]
Gold:   470        SH:  5    Dex: 11    Spells: 10/10 levels left

rFire   + .          .
                       - Unarmed
rCold   . . .        (no shield)
rNeg    . . .        a - +0 robe
rPois   .            (helmet restricted)
rElec   .            (no cloak)
rCorr   .            (gloves unavailable)
SInv    .            (boots unavailable)
Will    .....        J - amulet of reflection
Stlth   +            E - +6 ring of dexterity
HPRegen 1.15/turn    l - +5 ring of evasion
MPRegen 0.11/turn

%: reflection
@: fiery-armoured
A: large, unfitting armour, claws 3, regeneration 1, shaggy fur 1, tough skin 1
a: Renounce Religion, Fiery Armour, Foxfire Swarm, Rising Flame


You were on level 6 of the Dungeon.
You worshipped Ignis.
Ignis was greatly pleased with you.
You visited 2 branches of the dungeon, and saw 8 of its levels.
You also visited: Ossuary.

You collected 470 gold pieces.


Innate Abilities, Weirdness & Mutations

You are too large for most types of armour.
You have claws for hands.
Your natural rate of healing is unusually fast.
You are covered in fur. (AC +1)
You have tough skin. (AC +1)


   Skills:
 + Level 6.6 Fighting
 - Level 1.0 Stealth
 - Level 10.0 Unarmed Combat
 - Level 1.2 Spellcasting
 - Level 2.5 Fire Magic


You had 10 spell levels left.
You didn't know any spells.
Your spell library contained the following spells:

 Spells                   Type           Power      Damage    Failure   Level
 Scorch                   Fire           10%        2d5       19%         2

Inventory:

Missiles
 f - 68 stones (quivered) {throwing}
 q - 25 poisoned darts {throwing}
 w - 7 boomerangs {throwing}
 M - a throwing net {=f!fthrowing}
Armour
 a - a +0 robe (worn)
 c - a +0 robe
   (You found it on level 3 of the Dungeon)
 d - a +0 robe
   (You found it on level 1 of the Dungeon)
 h - a +0 robe
   (You found it on level 2 of the Dungeon)
 k - a +0 robe
   (You took it off an orc wizard on level 2 of the Dungeon)
 m - a +0 robe
   (You took it off Jessica on level 3 of the Dungeon)
 r - a +0 robe
   (You took it off a kobold on level 3 of the Dungeon)
 D - a +0 robe
   (You took it off Dowan on level 5 of the Dungeon)
 G - a +0 robe
   (You took it off an orc wizard on level 5 of the Dungeon)
 H - a +0 robe
   (You took it off a gnoll bouda on level 5 of the Dungeon)
 K - a +0 robe
   (You found it on level 6 of the Dungeon)
Jewellery
 e - a ring of see invisible
   (You found it on level 3 of the Dungeon)
 l - a +5 ring of evasion (right claw)
   (You found it on level 5 of the Dungeon)
 o - a ring of wizardry
   (You took it off a goblin on level 2 of the Dungeon)
 v - a +6 ring of intelligence
   (You found it on level 4 of the Dungeon)
 E - a +6 ring of dexterity (left claw)
   (You found it on level 5 of the Dungeon)
 J - an amulet of reflection (around neck)
   (You found it on level 6 of the Dungeon)
 N - a ring of protection from cold
   (You found it on level 6 of the Dungeon)
Wands
 y - a wand of mindburst (29)
   (You found it on level 4 of the Dungeon)
 A - a wand of light (1)
   (You found it on level 4 of the Dungeon)
 P - a wand of iceblast (12)
   (You found it on level 6 of the Dungeon)
Scrolls
 j - 3 scrolls of teleportation {@r4}
 n - a scroll of vulnerability {!r!r}
 u - a scroll of poison {!r}
 z - a scroll of silence {!r}
 B - a scroll of identify {@r1}
 I - a scroll of fog
Potions
 b - 2 potions of attraction {!q}
 g - 2 potions of heal wounds {@q2}
 i - 3 potions of berserk rage {!q}
 p - 2 potions of brilliance
 s - a potion of cancellation {unknown}
 t - 4 potions of mutation {!q}
 x - 4 potions of curing {@q1}
 C - a potion of might {unknown}
 F - 2 potions of invisibility {unknown}
 L - a potion of flight {unknown}
 O - a potion of resistance

Dungeon Overview and Level Annotations

Branches:
Dungeon (7/15) Zot: 26916  Temple (1/1) D:5 Zot: 5942 Ossuary (visited)

Altars:
Ashenzari
Cheibriados
Dithmenos
Elyvilon
Fedhas
Gozag
Hepliaklqana
Makhleb
Nemelex Xobeh
Ru
Sif Muna
Trog
Vehumet
Wu Jian
Xom
Yredelemnul
The Shining One

...............#.####.######
.........#####....###......#
......##.#######...###'###.####
......##.#.........#≈~≈~≈#....##
...........#########~≈~≈~#.##..#
......#...######## #≈~≈~≈#.###.#
####.##.[........###≈≈~≈≈#.###.##
## #.#.........†.O####'###......#
.# #............@..# #...########
.###..<........[.).# ###.......#
...................# #...>...#
.###.............[[## #.......#
.###................####.......#
..................#....).......#
##..###..........#######.......#
#### ############ #.......#
#.......#


You could see a two-headed ogre.


Message History

You kill the orc priest!
The orc hits you with a +0 dagger.
You are too confused!
The orc hits you with a +0 dagger.
Things that are here:
a +0 short sword {short}; a +0 ring mail; an orc corpse You see here a +0 leather armour.
Unknown command.
The orc attacks as you move away! The orc barely misses you.
You're too confused to move!
The orc hits you but does no damage.
You miss the orc. You claw the orc!
You kill the orc!
You feel less confused.
You see here a +0 leather armour.
Unknown command.
There is a stone staircase leading down, spattered with blood here.
Unknown command.
Unknown command.
You climb downwards.
The two-headed ogre shouts in stereo!
You block the killer bee's attack.
The killer bee stings you but does no damage.
The killer bee stings you.
You are poisoned.
The killer bee poisons you! The killer bee stings you.
You are more poisoned.
The killer bee poisons you! The gnoll misses you. The killer bee stings you! x2
There is a stone staircase leading up here.
Danger!
Unknown command.
You feel very sick.
The killer bee stings you but does no damage.
The killer bee stings you! You block the gnoll's attack.
The killer bee stings you. x2
You climb upwards.
You feel very sick.
There is a stone staircase leading down, spattered with blood here.
Unknown command.
Unknown command.
Unknown command.
Activating: Foxfire Swarm
Press: ? - help, Dir - look around, f - activate Flames leap up around you!
You feel sick. The killer bee misses you. The killer bee completely misses you.
The gnoll completely misses you. You block the killer bee's attack.
The killer bee stings you.
* * * LOW HITPOINT WARNING * * *
Unknown command.
Unknown command.
A protective cloak of flame settles atop you.
You feel sick.
The foxfire hits the gnoll but does no damage.
The foxfire hits the gnoll.
The foxfire hits the killer bee. x4
The foxfire hits the gnoll.
The foxfire hits the killer bee. x3
The foxfire hits the killer bee but does no damage.
The foxfire hits the killer bee.
You kill the killer bee!
The foxfire hits the killer bee.
The foxfire hits the gnoll.
The foxfire hits the killer bee.
The foxfire hits the gnoll.
The foxfire hits the killer bee.
You kill the killer bee!
The foxfire hits the gnoll.
The gnoll hits you with a +0 flail.
* * * LOW HITPOINT WARNING * * *
The gnoll is burned by your cloak of flames.
You kill the gnoll!
Unknown command.
You feel sick.
You climb downwards.
You feel sick. The white imp gestures at you.
The puff of frost hits you but does no damage.
The two-headed ogre misses you.
The two-headed ogre hits you with a +0 giant club!
* * * LOW HITPOINT WARNING * * *
The two-headed ogre is burned by your cloak of flames.
There is a stone staircase leading up, spattered with blood here.
Danger!
Unknown command.
You feel sick.
The two-headed ogre hits you but does no damage.
The two-headed ogre is burned by your cloak of flames.
The two-headed ogre closely misses you.
You climb upwards.
You feel sick.
You are no longer poisoned.
There is a stone staircase leading down, spattered with blood here.
Unknown command.
Unknown command.
You claw the two-headed ogre!
The two-headed ogre hits you with a +0 giant spiked club!
* * * LOW HITPOINT WARNING * * *
The two-headed ogre is burned by your cloak of flames.
The two-headed ogre closely misses you.
You barely miss the two-headed ogre.
Unknown command.
You scratch the two-headed ogre.
The two-headed ogre hits you with a +0 giant spiked club!
* * * LOW HITPOINT WARNING * * *
The two-headed ogre is burned by your cloak of flames.
The two-headed ogre hits you with a +0 giant club!!
You die...

Skill      XL: |  1  2  3  4  5  6  7  8  9 |
---------------+----------------------------+-----
Unarmed Combat | 4 5 6 7 9 10 | 10.0
Fighting       | 3 4 6 |  6.6
Stealth        | 1 |  1.0
Spellcasting   | |  1.2
Fire Magic     | |  2.5

Action                     |  1- 3 |  4- 6 |  7- 9 || total
---------------------------+-------+-------+-------++-------
  Melee: Unarmed           |   113 |   234 |   143 ||   490
         Punch             |       |     3 |     6 ||     9
 Invoke: Fiery Armour      |       |       |     2 ||     2
         Foxfire Swarm     |       |       |     1 ||     1
    Use: Scroll            |       |    13 |     5 ||    18
   Stab: Sleeping          |       |     1 |     1 ||     2
 Armour: Robe              |    31 |    60 |    26 ||   117
  Dodge: Dodged            |    28 |    78 |    72 ||   178
  Block: Other             |       |       |    15 ||    15
         Reflection        |       |       |     2 ||     2

Levels and vault maps discovered:
D:1:      nagdon_arrival_double_spiral, layout_loops_corners,
          minmay_misc_feat_more_columns
D:2:      layout_rooms, minmay_quantized
D:3:      layout_rooms, uniq_jessica
D:4:      layout_loops_ring, mainiacjoe_overflow_paths,
          nicolae_overflow_two_pavilions
D:5:      layout_loops_cross, minmay_temple_entry_glassed_door, enter_ossuary_4,
          grunt_decor_junction, uniq_duvessa, uniq_ijyb
D:6:      layout_rooms, overflow_temple_1_default, chequers_serial_rivers_room_b
D:7:      layout_layer_cave, amethyst_overflow_temple_binary, uniq_pikel
Temple:   cyrus_circular_temple

Notes
Turn   | Place    | Note
-------+----------+-------------------------------------------
     0 | D:1      | Sobieck the Troll Cinder Acolyte began the quest for the
                  | Orb.
     0 | D:1      | Reached XP level 1. HP: 22/22 MP: 1/1
   190 | D:1      | Reached XP level 2. HP: 29/29 MP: 2/2
   915 | D:2      | Reached XP level 3. HP: 36/36 MP: 3/3
  1086 | D:2      | Reached XP level 4. HP: 31/44 MP: 4/4
  1340 | D:2      | Reached skill level 4 in Unarmed Combat
  1523 | D:3      | Reached skill level 3 in Fighting
  1523 | D:3      | Reached skill level 1 in Stealth
  1531 | D:3      | Reached XP level 5. HP: 49/53 MP: 5/5
  1680 | D:3      | Noticed Jessica
  1687 | D:3      | Killed Jessica
  2298 | D:4      | Found an ornate altar of the Wu Jian Council.
  2298 | D:4      | Found a blossoming altar of Fedhas.
  2372 | D:4      | Found a glowing golden altar of the Shining One.
  2416 | D:4      | Reached skill level 5 in Unarmed Combat
  2834 | D:5      | Entered Level 5 of the Dungeon
  2853 | D:5      | Found a sand-covered staircase.
  2865 | Ossuary  | Entered an ossuary
  2939 | Ossuary  | Reached XP level 6. HP: 61/61 MP: 6/6
  3111 | Ossuary  | Reached skill level 6 in Unarmed Combat
  3162 | Ossuary  | Reached skill level 4 in Fighting
  3162 | Ossuary  | Reached XP level 7. HP: 66/70 MP: 7/7
  3314 | D:5      | Noticed Dowan
  3319 | D:5      | Noticed Duvessa
  3338 | D:5      | Killed Duvessa
  3339 | D:5      | Reached skill level 7 in Unarmed Combat
  3349 | D:5      | Killed Dowan
  3510 | D:5      | Noticed Ijyb
  3525 | D:5      | Killed Ijyb
  3626 | D:5      | Reached XP level 8. HP: 79/79 MP: 8/8
  3635 | D:5      | Found a staircase to the Ecumenical Temple.
  3682 | Temple   | Entered the Ecumenical Temple
  3841 | D:5      | Reached skill level 8 in Unarmed Combat
  3889 | D:5      | Reached skill level 5 in Fighting
  4254 | D:6      | Reached skill level 9 in Unarmed Combat
  4598 | D:6      | Found a basalt altar of Yredelemnul.
  4613 | D:6      | Reached skill level 6 in Fighting
  4613 | D:6      | Reached XP level 9. HP: 81/89 MP: 9/9
  4757 | D:7      | Reached skill level 10 in Unarmed Combat
  4806 | D:7      | Noticed a two-headed ogre
  4830 | D:6      | HP: 23/92 [two-headed ogre/+0 giant spiked club (14)]
  4832 | D:6      | Mangled by a two-headed ogre

Vanquished Creatures
  A water moccasin (D:6)
  Duvessa (D:5)
  An ice beast (D:7)
  2 black bears (D:6)
  A sky beast (D:6)
  A phantom (D:6)
  A bullfrog (D:6)
  A kobold brigand (D:6)
  4 elf zombies (Ossuary)
  7 scorpions
  Dowan (D:5)
  3 killer bees (D:6)
  A howler monkey (D:3)
  A centaur zombie (Ossuary)
  A human zombie (Ossuary)
  2 jellies
  A gnoll bouda (D:5)
  An orc priest (D:6)
  3 hounds
  A sleepcap (D:6)
  Jessica (D:3)
  Ijyb (D:5)
  2 orc wizards
  2 mummies (Ossuary)
  5 gnolls
  7 adders
  3 worms
  3 dart slugs
  12 orcs
  6 ball pythons
  12 endoplasms
  4 giant cockroaches
  2 goblins (D:2)
  4 hobgoblins
  A jackal (D:2)
  12 kobolds
  10 quokkas
  4 bats
  7 frilled lizards
  2 goblin zombies
  15 hobgoblin zombies (Ossuary)
  A jackal zombie (Ossuary)
  7 kobold zombies (Ossuary)
  5 orc zombies (Ossuary)
  A quokka zombie (D:5)
  5 rats
  A rat zombie (Ossuary)
170 creatures vanquished.

Vanquished Creatures (others)
  18 foxfires (D:6)
18 creatures vanquished.

Grand Total: 188 creatures vanquished

Table legend:
 A = Non-vault XP
 B = Vault XP
 C = Vault XP percentage of total XP
 D = Non-vault monster count
 E = Vault monster count
 F = Vault count percentage of total count
                 A         B        C        D         E       F
            +---------+---------+-------+---------+---------+-------
      Total |    2501 |     844 |  25.2 |     121 |      49 |  28.8
            +---------+---------+-------+---------+---------+-------
        D:1 |      36 |       0 |   0.0 |      23 |       0 |   0.0
        D:2 |      92 |       9 |   8.9 |      21 |       5 |  19.2
        D:3 |      85 |      37 |  30.3 |      13 |       1 |   7.1
        D:4 |     108 |       0 |   0.0 |      20 |       0 |   0.0
        D:5 |     576 |     252 |  30.4 |      18 |       5 |  21.7
        D:6 |    1468 |       0 |   0.0 |      25 |       0 |   0.0
        D:7 |     136 |       0 |   0.0 |       1 |       0 |   0.0
    Ossuary |       0 |     546 | 100.0 |       0 |      38 | 100.0
            +---------+---------+-------+---------+---------+-------

Skill      XL: |  1  2  3  4  5  6  7  8  9 |
---------------+----------------------------+-----
Unarmed Combat | 4 5 6 7 9 10 | 10.0
Fighting       | 3 4 6 |  6.6
Stealth        | 1 |  1.0
Spellcasting   | |  1.2
Fire Magic     | |  2.5

Action                     |  1- 3 |  4- 6 |  7- 9 || total
---------------------------+-------+-------+-------++-------
  Melee: Unarmed           |   113 |   234 |   143 ||   490
         Punch             |       |     3 |     6 ||     9
 Invoke: Fiery Armour      |       |       |     2 ||     2
         Foxfire Swarm     |       |       |     1 ||     1
    Use: Scroll            |       |    13 |     5 ||    18
   Stab: Sleeping          |       |     1 |     1 ||     2
 Armour: Robe              |    31 |    60 |    26 ||   117
  Dodge: Dodged            |    28 |    78 |    72 ||   178
  Block: Other             |       |       |    15 ||    15
         Reflection        |       |       |     2 ||     2

Illustrated notes

Table legend:
 A = Kills in this place as a percentage of kills in the entire game.
 B = Kills by you in this place as a percentage of kills by you in the entire game.
 C = Kills by friends in this place as a percentage of kills by friends in the entire game.
 D = Other kills in this place as a percentage of other kills in the entire game.
 E = Experience gained in this place as a percentage of experience gained in the entire game.
 F = Experience gained in this place divided by the number of levels of this place that you have seen.
                   A       B       C       D       E      F
               +-------+-------+-------+-------+-------+----------------------
         Total | 100.0 | 100.0 |   N/A |   N/A | 100.0 | 371.7
       Dungeon |  77.6 |  77.6 |   N/A |   N/A |  83.7 | 399.9
       Ossuary |  22.4 |  22.4 |   N/A |   N/A |  16.3 | 546.0
               +-------+-------+-------+-------+-------+----------------------

Table legend: (Time is in decaauts)
 A = Elapsed time spent in this place.
 B = Non-inter-level travel time spent in this place.
 C = Inter-level travel time spent in this place.
 D = Time resting spent in this place.
 E = Time spent auto-exploring this place.
 F = Levels seen in this place.
 G = Mean time per level.
                   A        B        C        D        E       F      G
               +--------+--------+--------+--------+--------+-----+--------+
         Total |   4778 |   4603 |    175 |    274 |   3172 |   9 |  530.9 |
       Dungeon |   4321 |   4155 |    166 |    252 |   3044 |   7 |  617.3 |
        Temple |     57 |     49 |      8 |      0 |     40 |   1 |   57.0 |
       Ossuary |    398 |    398 |      0 |     22 |     88 |   1 |  398.0 |
               +--------+--------+--------+--------+--------+-----+--------+

Top non-repeatable levels by time:
     D:1: 904 daAuts
     D:5: 834 daAuts
     D:4: 707 daAuts
     D:6: 649 daAuts
     D:3: 605 daAuts
     D:2: 596 daAuts
 Ossuary: 398 daAuts
  Temple: 57 daAuts
     D:7: 24 daAuts
